 Dungeon Sprint DCSS version 0.22.1-1-ga44c0e56f4 (webtiles) character file.

17402 MuseOD the Unseen (level 12, -35/58 HPs)
             Began as a Spriggan Enchanter on Sept 26, 2018.
             Was the Champion of Dithmenos.
             Killed from afar by a crystal guardian (46 damage)
             ... with a crystal bolt
             ... in the Dungeon (Sprint II: "The Violet Keep of Menkaure").
             The game lasted 00:12:58 (2017 turns).

MuseOD the Unseen (Spriggan Enchanter)              Turns: 2017, Time: 00:12:58

Health: -35/58     AC:  2    Str:  4    XL:     12   Next: 18%
Magic:  28/32      EV: 26    Int: 21    God:    Dithmenos [******]
Gold:   546        SH:  0    Dex: 17    Spells: 18/42 levels left

rFire    . . .     SeeInvis +   a - +2 dagger
rCold    . . .     Gourm    .   (shield restricted)
rNeg     . . .     Faith    .   b - +0 robe
rPois    .         Spirit   .   (helmet restricted)
rElec    .         Reflect  .   (no cloak)
rCorr    .         Harm     .   (gloves unavailable)
MR       ++...     NoTele   +   (boots unavailable)
Stlth    +++++.....             (no amulet)
HPRegen  0.19/turn              (no ring)
MPRegen  0.23/turn              (no ring)

@: confused, wreathed by umbra, very quick
A: very small, unfitting armour, see invisible, herbivore, speed 3, slow
metabolism 2
a: Shadow Step, Shadow Form, Renounce Religion


You were in the Dungeon.
You worshipped Dithmenos.
Dithmenos was exalted by your worship.
You were not hungry.

You visited 1 branch You collected 2326 gold pieces.
You spent 1780 gold pieces at shops.

Inventory:

Hand Weapons
 a - a +2 dagger (weapon)
Armour
 b - a +0 robe (worn)
Jewellery
 c - an uncursed ring of magical power {unknown}
Scrolls
 f - a scroll of holy word
 j - 4 scrolls of blinking
 l - 3 scrolls of immolation {unknown}
 m - a scroll of enchant armour {unknown}
 n - 2 scrolls of remove curse {unknown}
 p - a scroll of fog {unknown}
 s - 3 scrolls of identify {unknown}
 t - a scroll of enchant weapon
 v - a scroll of fear {unknown}
Potions
 e - 5 potions of flight
 g - a potion of haste
 h - 6 potions of magic
 i - a potion of curing
 k - 4 potions of heal wounds
 o - 3 potions of brilliance {unknown}
 q - 3 potions of resistance {unknown}
 r - a potion of mutation {unknown}
 u - 2 potions of cancellation {unknown}
Comestibles
 d - 7 rations


   Skills:
 - Level 4.7 Fighting
 - Level 13.7 Short Blades
 - Level 10.5 Dodging
 - Level 20.8 Stealth
 - Level 15.6 Spellcasting
 + Level 10.8 Conjurations
 - Level 15.8 Hexes


You had 18 spell levels left.
You knew the following spells:

 Your Spells              Type           Power        Failure   Level  Hunger
a - Corona                Hex            ######.      0%          1    None
b - Ensorcelled Hibernat  Hex/Ice        #####.       1%          2    None
c - Confuse               Hex            ######..     0%          3    None
d - Dazzling Spray        Conj/Hex       ######       1%          3    None
e - Tukima's Dance        Hex            ######..     0%          3    None
f - Invisibility          Hex            ######..     1%          6    #####..
g - Sting                 Conj/Pois      ####         1%          1    None
h - Venom Bolt            Conj/Pois      #####.....   11%         5    ###....

Your spell library contained the following spells:

 Spells                   Type           Power        Failure   Level  Hunger
 Apportation              Tloc           ###...       3%          1    None
 Summon Butterflies       Summ           ###.....     3%          1    None
 Poisonous Vapours        Pois/Air       ###...       5%          2    None
 Lesser Beckoning         Tloc           ###.......   11%         3    None
 Olgreb's Toxic Radiance  Pois           ###.....     36%         4    None
 Alistair's Intoxication  Tmut/Pois      ###.....     71%         5    ###....


Dungeon Overview and Level Annotations

Branches:
Dungeon (1/1)

Altars:
Cheibriados
Dithmenos
Elyvilon
Fedhas
Gozag
Hepliaklqana
Kikubaaqudgha
Makhleb
Nemelex Xobeh
Okawaru
Qazlal
Ru
Sif Muna
Trog
Uskayaw
Vehumet
Wu Jian
Xom
Yredelemnul
Zin
The Shining One
Beogh
Jiyva
Lugonu

Shops:
D **=:}*:%*[?[!}((}?!}*}(?%:=[}

Annotations:
D exclusion: oklob plant, Roxanne


Innate Abilities, Weirdness & Mutations

You are very small and have problems with some larger weapons.
You are too small for most types of armour.
You have supernaturally acute eyesight. (SInv)
You are a herbivore.
You cover ground extremely quickly.
You need to consume almost no food.


Message History

The swamp drake breathes noxious fumes at you.
The noxious blast engulfs the death drake.
The death drake appears unharmed.
The crystal guardian barely misses you.
You are engulfed in noxious fumes.
You choke on the stench!
You are confused.
The crystal guardian fires a crystalline bolt at you.
The crystal bolt misses you. x2
You bump into the stone wall.
You are engulfed in noxious fumes.
The crystal guardian fires a crystalline bolt at you.
The crystal bolt misses you. The crystal bolt freezes you!
Ouch! That really hurt!
* * * LOW HITPOINT WARNING * * *
You emit a cloud of dark smoke.
Unknown command.
You feel better.
You are engulfed in noxious fumes.
You choke on the stench!
You are confused.
The crystal guardian fires a crystalline bolt at you.
The crystal bolt misses you. The crystal bolt freezes you!
Ouch! That really hurt!
You die...

§.≈§≈§§§## ▓▓+▓▓▓▓.▓
§≈§8§≈§§≈##++## +..§▓0..▓
≈≈≈≈§≈§§##≈..^### #..§▓▓▓▓▓▓▓▓▓▓
§§§§§≈ #e≈.....# #..§▓≈§§≈≈≈≈≈▓▓
''§#§++#####..^.# ##§§▓▓▓▓▓▓▓▓▓▓▓
≈≈§≈§≈..#..'....# k#:|▓.[[..([.▓▓
≈##+##.≈#..####§# k#§=▓.)..()..▓▓
##...# .####.§§§##8#}}▓(..([..(▓▓
#.##..# ...#..#§@§####▓)..())..▓▓
##)######..#####§§##.#▓..[.[.[.▓▓
###'###.##..#..'(§#..#▓[..(.((.▓▓
###.##...#..#..#..#.)#▓........▓▓
.'.<.).##'..####..##.#▓........▓▓
.##.##...#....###...##▓▓▓▓▓▓▓'▓▓▓
###+###.##......≈≈≈≈≈≈≈≈≈≈≈≈§...≈
##..)####≈≈.....≈#+########'###.≈
#..#..#≈≈≈≈≈≈≈..≈#....._..#§§§##≈


You could see a crystal guardian.

Vanquished Creatures
  A kraken (D)
  2 sphinxes (D)
  Kirke (D)
  A yaktaur captain (D)
  A fire dragon (D)
  A centaur warrior (D)
  A death yak (D)
  A skeletal warrior (D)
  An unseen horror (D)
  2 deep trolls (D)
  3 shining eyes (D)
  A merfolk siren (D)
  An elephant (D)
  2 spiny frogs (D)
  A kobold demonologist (D)
  A yaktaur (D)
  3 polar bears (D)
  3 slime creatures (D)
  A hornet (D)
  2 redbacks (D)
  4 neqoxecs (D)
  A swamp drake (D)
  3 black bears (D)
  5 necrophages (D)
  5 crocodiles (D)
  9 electric eels (D)
  An iron imp (D)
  A hell rat (D)
  3 worms (D)
62 creatures vanquished.

Vanquished Creatures (others)
  Menkaure (D)
1 creature vanquished.

Grand Total: 63 creatures vanquished

Notes
Turn   | Place    | Note
-------+----------+-------------------------------------------
     0 | D        | MuseOD the Spriggan Enchanter began the quest for the Orb.
     0 | D        | Reached XP level 1. HP: 9/9 MP: 5/5
     1 | D        | Noticed a necrophage
     1 | D        | Noticed a necrophage
     1 | D        | Noticed a necrophage
     1 | D        | Noticed a necrophage
    10 | D        | Killed a necrophage
    10 | D        | Reached skill level 8 in Stealth
    10 | D        | Reached XP level 2. HP: 11/16 MP: 6/6
    10 | D        | Reached XP level 3. HP: 14/20 MP: 8/8
    10 | D        | Reached XP level 4. HP: 17/24 MP: 9/9
    15 | D        | Killed a necrophage
    15 | D        | Reached skill level 9 in Stealth
    15 | D        | Reached XP level 5. HP: 21/30 MP: 10/10
    20 | D        | Killed a necrophage
    20 | D        | Reached skill level 10 in Stealth
    24 | D        | Killed a necrophage
    24 | D        | Reached skill level 11 in Stealth
    24 | D        | Reached skill level 5 in Spellcasting
    24 | D        | Reached skill level 5 in Hexes
    24 | D        | Reached XP level 6. HP: 20/34 MP: 11/15
    33 | D        | Learned a level 2 spell: Ensorcelled Hibernation
    37 | D        | Learned a level 3 spell: Confuse
    45 | D        | Killed Menkaure
    56 | D        | Found a blossoming altar of Fedhas.
    57 | D        | Found a white marble altar of Elyvilon.
    57 | D        | Found an opulent altar of Gozag.
    57 | D        | Found a burning altar of Makhleb.
    58 | D        | Found a shadowy altar of Dithmenos.
    58 | D        | Found a corrupted altar of Lugonu.
    59 | D        | Found a snail-covered altar of Cheibriados.
    59 | D        | Found an ancient bone altar of Kikubaaqudgha.
    59 | D        | Found a bloodstained altar of Trog.
    60 | D        | Found a roughly hewn altar of Beogh.
    60 | D        | Found a viscous altar of Jiyva.
    60 | D        | Found a deep blue altar of Sif Muna.
    61 | D        | Found a hazy altar of Hepliaklqana.
    61 | D        | Found a sacrificial altar of Ru.
    62 | D        | Found a shimmering altar of Xom.
    63 | D        | Found a stormy altar of Qazlal.
    63 | D        | Found an ornate altar of the Wu Jian Council.
    63 | D        | Found a sparkling altar of Nemelex Xobeh.
    63 | D        | Found a hide-covered altar of Uskayaw.
    63 | D        | Found a basalt altar of Yredelemnul.
    63 | D        | Found a glowing golden altar of the Shining One.
    64 | D        | Found a radiant altar of Vehumet.
    64 | D        | Found an iron altar of Okawaru.
    64 | D        | Found a glowing silver altar of Zin.
    67 | D        | Became a worshipper of Dithmenos the Shadowed
    77 | D        | Noticed a shining eye
    77 | D        | Noticed a shining eye
    78 | D        | Noticed a shining eye
    79 | D        | Killed a shining eye
    79 | D        | Reached skill level 13 in Stealth
    79 | D        | Reached XP level 7. HP: 22/38 MP: 14/20
    80 | D        | Killed a shining eye
    80 | D        | Reached * piety under Dithmenos
    80 | D        | Reached skill level 14 in Stealth
    80 | D        | Reached skill level 10 in Hexes
    80 | D        | Reached XP level 8. HP: 25/42 MP: 14/22
    82 | D        | Killed a shining eye
    82 | D        | Reached skill level 15 in Stealth
    82 | D        | Reached skill level 10 in Spellcasting
    89 | D        | Noticed a fire dragon
    91 | D        | Killed a fire dragon
    91 | D        | Reached skill level 17 in Stealth
    91 | D        | Reached XP level 9. HP: 28/46 MP: 16/26
   101 | D        | Noticed a deep elf master archer
   106 | D        | Reached ** piety under Dithmenos
   125 | D        | Noticed a yaktaur
   125 | D        | Noticed a polar bear
   126 | D        | Noticed a polar bear
   126 | D        | Noticed a polar bear
   131 | D        | Killed a polar bear
   131 | D        | Reached skill level 18 in Stealth
   136 | D        | Killed a polar bear
   136 | D        | Reached *** piety under Dithmenos
   147 | D        | Killed a polar bear
   155 | D        | Killed a yaktaur
   162 | D        | Reached **** piety under Dithmenos
   235 | D        | Reached XP level 10. HP: 44/51 MP: 28/28
   240 | D        | Reached skill level 19 in Stealth
   242 | D        | Reached ***** piety under Dithmenos
   245 | D        | Noticed Roxanne
   254 | D        | Found Wiumm's Jewellery Boutique.
   254 | D        | Found Numaki's Antique Armour Shop.
   255 | D        | Found Wycrop's Gadget Shop.
   255 | D        | Found Zang's Weapon Boutique.
   255 | D        | Found Radurr's Magic Scroll Shop.
   256 | D        | Found Hiereer's Gadget Shop.
   256 | D        | Found Huipp's Magic Scroll Boutique.
   256 | D        | Found Dyjagi Deto's Antique Weapon Boutique.
   256 | D        | Found Foasha's Distillery.
   257 | D        | Found Menioqoo's Distillery.
   257 | D        | Found Ylockaxe's Antique Armour Boutique.
   257 | D        | Found Ipeariv's Magic Scroll Shop.
   257 | D        | Noticed a great orb of eyes
   282 | D        | Noticed a merfolk siren
   287 | D        | Killed a merfolk siren
   287 | D        | Reached skill level 10 in Short Blades
   319 | D        | Reached skill level 5 in Dodging
   328 | D        | Found Nikor's Food Boutique.
   328 | D        | Found Qisuogh's Book Shop.
   328 | D        | Noticed an oklob plant
   329 | D        | Found Xomen's Book Shoppe.
   329 | D        | Found Onoo's Jewellery Boutique.
   330 | D        | Noticed a manticore
   330 | D        | Noticed a manticore
   336 | D        | Bought a book of Party Tricks for 700 gold pieces
   340 | D        | Learned a level 3 spell: Dazzling Spray
   344 | D        | Learned a level 3 spell: Tukima's Dance
   351 | D        | Learned a level 6 spell: Invisibility
   363 | D        | Noticed a manticore
   365 | D        | Bought a scroll of holy word for 75 gold pieces
   405 | D        | Noticed Kirke
   405 | D        | Noticed a skeletal warrior
   406 | D        | Noticed an elephant
   406 | D        | Noticed a centaur warrior
   406 | D        | Noticed a yaktaur captain
   407 | D        | Killed a skeletal warrior
   409 | D        | Killed Kirke
   410 | D        | Reached skill level 15 in Hexes
   418 | D        | HP: 2/51 [yaktaur captain (9)]
   421 | D        | Noticed an unseen horror
   474 | D        | Noticed an unseen horror
   484 | D        | Killed a yaktaur captain
   484 | D        | Reached skill level 20 in Stealth
   484 | D        | Reached skill level 15 in Spellcasting
   538 | D        | Killed a centaur warrior
   538 | D        | Reached ****** piety under Dithmenos
   538 | D        | Reached XP level 11. HP: 21/54 MP: 27/31
   588 | D        | Noticed a death yak
   591 | D        | Killed a death yak
   599 | D        | Reached skill level 10 in Dodging
   624 | D        | Found Qimae's Assorted Antiques.
   624 | D        | Found Utiamaho's Assorted Antiques.
   625 | D        | Found Atyghum's Gadget Shop.
   625 | D        | Found Aqaunge's Assorted Antiques.
   625 | D        | Found Dasapnum's Gadget Boutique.
   625 | D        | Found Simiem's Gadget Emporium.
   625 | D        | Found Suenni's Food Shop.
   625 | D        | Found Quireakh's Assorted Antiques.
   625 | D        | Found Wiaf's Antique Armour Boutique.
   625 | D        | Found Xuhuovor's Weapon Emporium.
   625 | D        | Found Sokagucs's General Store.
   625 | D        | Found Sige's Book Shoppe.
   634 | D        | Bought a potion of curing for 42 gold pieces
   634 | D        | Bought a potion of heal wounds for 70 gold pieces
   637 | D        | Bought a potion of curing for 69 gold pieces
   689 | D        | Bought Sif Muna's Papyrus of Toxins for 782 gold pieces
   691 | D        | Learned a level 1 spell: Sting
   697 | D        | Learned a level 5 spell: Venom Bolt
   881 | D        | Bought a potion of curing for 42 gold pieces
  1552 | D        | Reached skill level 1 in Conjurations
  1590 | D        | Found Wuiloqas's Gadget Boutique.
  1596 | D        | Noticed an orange crystal statue
  1681 | D        | Killed an unseen horror
  1693 | D        | Noticed a kraken
  1720 | D        | Killed a kraken
  1745 | D        | Found the brooch of Shielding {Reflect SH+8}
  1898 | D        | Noticed a deep troll
  1899 | D        | Noticed a deep troll
  1905 | D        | Killed a deep troll
  1912 | D        | Killed a deep troll
  1948 | D        | Noticed a sphinx
  1949 | D        | Noticed a sphinx
  1951 | D        | Killed a sphinx
  1951 | D        | Reached XP level 12. HP: 58/58 MP: 32/32
  1952 | D        | Killed a sphinx
  1952 | D        | Reached skill level 10 in Conjurations
  2009 | D        | Noticed a crystal guardian
  2017 | D        | Killed from afar by a crystal guardian

Skill      XL: |  1  2  3  4  5  6  7  8  9 10 11 12 |
---------------+-------------------------------------+-----
Fighting       | 3 4 |  4.7
Short Blades   | 6 8 9 12 13 | 13.7
Stealth        | 8 9 11 13 14 17 18 20 | 20.8
Spellcasting   | 5 8 9 12 13 15 | 15.6
Hexes          | 5 9 10 12 14 15 | 15.8
Dodging        | 9 10 | 10.5
Conjurations   | 9 10 | 10.8

Action                   |  1- 3 |  4- 6 |  7- 9 | 10-12 || total
-------------------------+-------+-------+-------+-------++-------
Melee: Dagger            |     6 |    16 |    29 |    74 ||   125
 Cast: Ensorcelled Hiber |       |     1 |     1 |     6 ||     8
       Confuse           |       |       |     8 |    16 ||    24
       Invisibility      |       |       |       |     2 ||     2
       Dazzling Spray    |       |       |       |    17 ||    17
       Sting             |       |       |       |    14 ||    14
Invok: Shadow Step       |       |       |       |     1 ||     1
  Use: Potion            |     1 |       |     2 |     5 ||     8
       Scroll            |       |       |       |     1 ||     1
 Stab: Sleeping          |       |     2 |     7 |    27 ||    36
       Confused          |       |       |     5 |    12 ||    17
       Invisible         |       |       |       |     2 ||     2
Armor: Robe              |       |       |       |     1 ||     1
Dodge: Dodged            |     2 |     2 |    17 |    37 ||    58
